 Dungeon Crawl Stone Soup version 0.18.1-50-g88ac8fd (webtiles) character file.

592 kurovuster the Ruffian (level 7, -10/66 HPs)
             Began as a Gargoyle Monk on Oct 22, 2016.
             Mangled by an ice beast (11 damage)
             ... on level 7 of the Dungeon.
             The game lasted 00:32:25 (3852 turns).

kurovuster the Ruffian (Gargoyle Monk)              Turns: 3852, Time: 00:32:25

Health: -10/66     AC: 10    Str: 21    XL:     7   Next: 39%
Magic:  7/7        EV: 14    Int: 11    God:
Gold:   139        SH:  0    Dex: 12    Spells: 0 memorised, 6 levels left

rFire  . . .     SeeInvis .       - Unarmed
rCold  . . .     Gourm    .     a - +0 robe
rNeg   + . .     Faith    .     (no shield)
rPois  ∞         Spirit   .     r - +0 helmet
rElec  +         Dismiss  .     (no cloak)
rCorr  .         Reflect  .     (no gloves)
SustAt .         Harm     .     g - +2 pair of boots
MR     .....                    (no amulet)
Stlth  ..........               (no ring)
                                (no ring)

@: berserking, flying, very quick, not resistant to hostile enchantments,
extremely unstealthy
A: negative energy resistance 1, electricity resistance, unbreathing,
petrification resistance, rot immunity, AC +4
a: no special abilities


You were on level 7 of the Dungeon.
You were hungry.

You visited 1 branch of the dungeon, and saw 7 of its levels.

You collected 139 gold pieces.

Inventory:

Hand Weapons
 b - a +0 short sword
 i - a +1 club
 t - a +0 dagger
Missiles
 n - 58 stones (quivered)
Armour
 a - a +0 robe (worn)
 g - a +2 pair of boots (worn)
 l - a +1 scale mail of poison resistance
 r - a +0 helmet (worn)
Jewellery
 c - a +3 ring of dexterity {unknown}
 u - an uncursed ring of magical power {unknown}
 w - a -6 ring of intelligence
Wands
 y - a wand of paralysis (13/24)
Scrolls
 d - 2 scrolls of remove curse
Potions
 f - a potion of flight
 h - a potion of berserk rage
 k - a potion of beneficial mutation {unknown}
 m - a potion of degeneration {unknown}
 o - 2 potions of cure mutation {unknown}
 s - a potion of mutation {unknown}
Comestibles
 p - 7 fruits
 q - a meat ration
 v - 2 bread rations


   Skills:
 * Level 5.2 Fighting
 + Level 0.8 Short Blades
 + Level 0.5 Throwing
 + Level 4.5 Dodging
 + Level 2.8 Stealth
 * Level 5.8 Unarmed Combat


You had 6 spell levels left.
You didn't know any spells.

Dungeon Overview and Level Annotations

Branches:
Dungeon (7/15)
 Temple: D:4-7

Altars:
Kikubaaqudgha
Pakellas
Vehumet

Annotations:
D:4 exclusion: player ghost, grisgris's ghost, amateur GrFi
D:5 Edmund


Innate Abilities, Weirdness & Mutations

You are resistant to torment.
Your stone body is resilient (AC +4).
You are immune to poison.
You resist negative energy.
You are resistant to electric shocks.
You can survive without breathing.
You are immune to petrification.
You are immune to rotting.


Message History

The stone hits the ice beast but does no damage.
As you read the scroll labeled JUFECLOGHAPRU, it crumbles to dust.
The dust glows dull azure!
It was a scroll of random uselessness.
The ice beast hits you but does no damage.
You closely miss the ice beast. The ice beast misses you.
You closely miss the ice beast.
The ice beast hits you but does no damage.
You hit the ice beast but do no damage. The ice beast closely misses you.
You hit the ice beast but do no damage. The ice beast hits you.
The ice beast freezes you!
* * * LOW HITPOINT WARNING * * *
It was a potion of flight.
You feel very buoyant.
You fly up into the air.
The ice beast closely misses you.
It was a potion of berserk rage.
A red film seems to cover your vision as you go berserk!
You feel yourself moving faster!
You feel mighty! The ice beast hits you.
* * * LOW HITPOINT WARNING * * *
The ice beast freezes you!
You die...

#. .## #. ..... #. .(...
#. #.#.#.. .. #
#.##.#.#.. .S . #.
#..#.#.#.# .# .##.
...#..##.#.#.#.##.##.#..
.......@Y....#.........
.....................#
.......[....(#.......##.
......##.#...((.........
#..... #.....##.....##
##.... #.....##.<...#
##.# ....#...###(....Z.
#. #....#.#.# .......
#......... .......


You could see an ice beast.

Vanquished Creatures
  Menkaure (D:6)
  A crimson imp (D:5)
  A centaur zombie (D:5)
  2 hounds
  An orc priest (D:5)
  3 orc wizards
  3 worker ants
  2 hound zombies
  A hound skeleton (D:4)
  3 adders (D:2)
  A shadow imp (D:5)
  3 worms (D:2)
  A dart slug (D:1)
  2 giant geckos (D:1)
  13 orcs
  A giant cockroach (D:2)
  6 goblins
  7 hobgoblins
  4 kobolds
  3 quokkas
  5 bats
  A giant cockroach zombie (D:5)
  A giant gecko skeleton (D:5)
  4 giant newts
  5 rats
75 creatures vanquished.

Vanquished Creatures (others)
  A crocodile (D:5)
  A worm (D:2)
  2 jackals (D:2)
  A rat (D:2)
5 creatures vanquished.

Grand Total: 80 creatures vanquished

Notes
Turn   | Place    | Note
--------------------------------------------------------------
     0 | D:1      | kurovuster the Gargoyle Monk began the quest for the Orb.
     0 | D:1      | Reached XP level 1. HP: 14/14 MP: 1/1
   175 | D:1      | Reached XP level 2. HP: 13/19 MP: 2/2
   705 | D:2      | Reached XP level 3. HP: 14/23 MP: 3/3
  1379 | D:2      | Reached XP level 4. HP: 22/29 MP: 4/4
  1654 | D:2      | Found an ancient bone altar of Kikubaaqudgha.
  2181 | D:3      | Reached XP level 5. HP: 31/33 MP: 5/5
  2618 | D:4      | Noticed grisgris's ghost (amateur GrFi)
  2889 | D:5      | Entered Level 5 of the Dungeon
  2906 | D:5      | Reached skill level 5 in Unarmed Combat
  2933 | D:5      | Reached XP level 6. HP: 31/39 MP: 6/6
  3136 | D:5      | Found a radiant altar of Vehumet.
  3319 | D:5      | Found an oddly glowing altar of Pakellas.
  3319 | D:5      | Noticed an orange crystal statue
  3465 | D:5      | Noticed Edmund
  3494 | D:5      | Reached skill level 5 in Fighting
  3494 | D:5      | Reached XP level 7. HP: 22/44 MP: 7/7
  3696 | D:6      | Noticed Menkaure
  3733 | D:6      | Killed Menkaure
  3847 | D:7      | HP: 1/44 [ice beast (14)]
  3852 | D:7      | HP: 1/66 [ice beast (2)]
  3852 | D:7      | Mangled by an ice beast

Skill      XL: |  1  2  3  4  5  6 |
---------------+-------------------+-----
Fighting       | 4 5 |  5.2
Dodging        | 3 4 |  4.5
Unarmed Combat | 5 |  5.8
Short Blades   | |  0.8
Throwing       | |  0.5
Stealth        | |  2.8

Action                   |  1- 3 |  4- 6 |  7- 9 || total
-------------------------+-------+-------+-------++-------
Melee: Unarmed           |    88 |   230 |    40 ||   358
       Punch             |       |     4 |       ||     4
       Short sword       |       |    63 |       ||    63
Throw: Stone             |       |     4 |     4 ||     8
  Use: Scroll            |     4 |     3 |     4 ||    11
       Potion            |       |     1 |     3 ||     4
 Stab: Sleeping          |     2 |     1 |       ||     3
       Distracted        |       |     1 |       ||     1
  Eat: Chunk             |     1 |     2 |       ||     3
       Bread ration      |       |     1 |       ||     1
       Pizza             |       |     1 |       ||     1
Armor: Robe              |    28 |   117 |    13 ||   158
Dodge: Dodged            |    44 |   202 |    28 ||   274
